 Dungeon Crawl Stone Soup version 0.18.1-5-g4a78601 (webtiles) character file.

279 Tibison the Digger (level 6, 0/32 HPs)
             Began as a Gargoyle Earth Elementalist on May 10, 2016.
             Shot with an arrow by a centaur (14 damage)
             ... on level 5 of the Dungeon.
             The game lasted 00:25:33 (4636 turns).

Tibison the Digger (Gargoyle Earth Elementalist)    Turns: 4636, Time: 00:25:34

Health: 0/32       AC:  7    Str: 12    XL:     6   Next: 26%
Magic:  6/11       EV: 12    Int: 17    God:
Gold:   221        SH:  0    Dex: 10    Spells: 3 memorised, 3 levels left

rFire  . . .     SeeInvis .     b - 116 stones
rCold  . . .     Gourm    .     a - +0 robe
rNeg   + . .     Faith    .     (no shield)
rPois  ∞         Spirit   .     m - +1 hat
rElec  +         Dismiss  +     (no cloak)
rCorr  .         Reflect  .     (no gloves)
SustAt .         Harm     .     (no boots)
MR     .....                    p - amulet of dismissal
Stlth  ++........               (no ring)
                                (no ring)

@: not resistant to hostile enchantments, unstealthy
A: negative energy resistance 1, electricity resistance, unbreathing,
petrification resistance, rot immunity, AC +4
a: no special abilities


You were on level 5 of the Dungeon.
You were not hungry.

You visited 1 branch of the dungeon, and saw 5 of its levels.

You collected 221 gold pieces.

Inventory:

Missiles
 b - 116 stones (in hand)
Armour
 a - a +0 robe (worn)
 m - a +1 hat (worn)
Jewellery
 o - an uncursed amulet of faith
 p - an amulet of dismissal (around neck)
Wands
 s - a wand of polymorph (9/24)
 w - a wand of acid (6/15)
 x - a wand of iceblast (6/15)
Scrolls
 g - a scroll of enchant armour {unknown}
 h - 3 scrolls of identify {unknown}
 k - a scroll of fog {unknown}
 q - a scroll of remove curse {unknown}
 r - a scroll of teleportation {unknown}
 v - 2 scrolls of amnesia {unknown}
Potions
 e - a potion of lignification {unknown}
 f - 4 potions of curing
 i - 2 potions of haste {unknown}
 j - a potion of heal wounds
 l - a potion of cure mutation {unknown}
 n - 2 potions of agility {unknown}
 t - 2 potions of cancellation {unknown}
 u - a potion of flight {unknown}
 z - a potion of berserk rage {unknown}
Books
 c - a book of Geomancy

   Spells                             Type                      Level
   a - Sandblast                      Earth                        1
   b - Passwall                       Transmutation/Earth          2
   c - Stone Arrow                    Conjuration/Earth            3
   d - Petrify                        Transmutation/Earth          4
   e - Lee's Rapid Deconstruction     Earth                        5


   Skills:
 - Level 1.6 Dodging
 - Level 2.2 Stealth
 + Level 3.5 Spellcasting
 + Level 2.7 Conjurations
   Level 0.7 Transmutations
 * Level 6.2 Earth Magic


You had 3 spell levels left.
You knew the following spells:

 Your Spells              Type           Power        Failure   Level  Hunger
a - Sandblast             Erth           ###...       1%          1    None
b - Stone Arrow           Conj/Erth      ###...       10%         3    ###....
c - Lee's Rapid Deconstr  Erth           ###.......   38%         5    ######.


Dungeon Overview and Level Annotations

Branches:
Dungeon (5/15)
 Temple: D:4-7

Altars:
Elyvilon
Ru
Xom
Yredelemnul
Zin

Annotations:
D:3 Natasha


Innate Abilities, Weirdness & Mutations

You are resistant to torment.
Your stone body is resilient (AC +4).
You are immune to poison.
You resist negative energy.
You are resistant to electric shocks.
You can survive without breathing.
You are immune to petrification.
You are immune to rotting.


Message History

The centaur shoots an arrow.
The arrow hits you.
You see here an arrow.
The centaur shoots an arrow.
The arrow hits you.
The centaur shoots an arrow.
The arrow hits you but does no damage.
You see here 2 arrows.
The centaur shoots an arrow.
The arrow closely misses you.
You see here an arrow.
Casting: Sandblast
Confirm with . or Enter, or press ? or * to list all spells.
The spell is very dangerous to cast!
Continue anyway?
Uppercase [Y]es or [N]o only, please.
The spell is very dangerous to cast!
Continue anyway?
Aiming: Lee's Rapid Deconstruction
Press: ? - help, Dir - move target cursor, p - centaur The wall shatters!
The blast of rock fragments hits the centaur.
The centaur is moderately wounded.
The centaur shoots an arrow.
The arrow barely misses you.
The centaur shoots an arrow.
The arrow hits you!
You die...

.#.. ### .#.# ..#
######.#.# #.# #......#.#
#.# #.c...##.# #.#
#...(((#.#########.#
###.#((#.........#.#####..
#..c..########.#...>....
###..(((.(@............#
############.#########
#..........#
#########.##########
###......##.##############
.........##.........<....#
.........#.......#######.#
......####.#...#.# ......#
#.#####.#


You could see a centaur.

Vanquished Creatures
  A centaur zombie (D:5)
  3 orc wizards
  Natasha (twice) (D:3)
  A killer bee zombie (D:3)
  An ooze (D:1)
  An adder skeleton (D:4)
  A worm (D:2)
  3 dart slugs (D:1)
  2 giant geckos
  3 orcs (D:4)
  6 giant cockroaches
  3 goblins
  5 hobgoblins (D:1)
  9 jackals
  10 kobolds
  A ball python (D:3)
  12 bats
  5 giant newts
  A jackal skeleton (D:5)
  3 rats
73 creatures vanquished.

Notes
Turn   | Place    | Note
--------------------------------------------------------------
     0 | D:1      | Tibison the Gargoyle Earth Elementalist began the quest for the Orb.
     0 | D:1      | Reached XP level 1. HP: 10/10 MP: 3/3
   165 | D:1      | Reached skill level 4 in Earth Magic
   165 | D:1      | Reached XP level 2. HP: 15/15 MP: 3/5
   874 | D:1      | Reached XP level 3. HP: 19/19 MP: 3/6
   882 | D:1      | Learned a level 3 spell: Stone Arrow
  1915 | D:2      | Found a basalt altar of Yredelemnul.
  2248 | D:2      | Reached XP level 4. HP: 24/24 MP: 6/8
  2364 | D:2      | Reached skill level 1 in Conjurations
  2430 | D:3      | Found a sacrificial altar of Ru.
  2434 | D:3      | Reached skill level 5 in Earth Magic
  2534 | D:3      | Noticed Natasha
  2555 | D:3      | Killed Natasha
  2633 | D:3      | Noticed Natasha
  2636 | D:3      | Killed Natasha
  2636 | D:3      | Reached XP level 5. HP: 28/28 MP: 2/9
  2647 | D:3      | Found a white marble altar of Elyvilon.
  2886 | D:3      | Noticed Natasha
  3164 | D:3      | Found a shimmering altar of Xom.
  3166 | D:3      | Found a shimmering altar of Xom.
  3167 | D:3      | Found a shimmering altar of Xom.
  3168 | D:3      | Found a shimmering altar of Xom.
  3168 | D:3      | Found a shimmering altar of Xom.
  3169 | D:3      | Found a shimmering altar of Xom.
  3169 | D:3      | Found a shimmering altar of Xom.
  3169 | D:3      | Found a shimmering altar of Xom.
  3252 | D:3      | Found a glowing silver altar of Zin.
  3639 | D:4      | Learned a level 5 spell: Lee's Rapid Deconstruction
  4114 | D:4      | Reached skill level 6 in Earth Magic
  4114 | D:4      | Reached XP level 6. HP: 16/32 MP: 0/11
  4422 | D:5      | Entered Level 5 of the Dungeon
  4636 | D:5      | Shot with an arrow by a centaur

Skill      XL: |  1  2  3  4  5 |
---------------+----------------+-----
Earth Magic    | 4 5 6 |  6.2
Conjurations   | 1 2 |  2.7
Spellcasting   | 3 |  3.5
Dodging        | |  1.6
Stealth        | |  2.2
Transmutations | |  0.7

Action                   |  1- 3 |  4- 6 || total
-------------------------+-------+-------++-------
Melee: Unarmed           |     6 |    11 ||    17
 Cast: Sandblast         |    83 |    55 ||   138
       Stone Arrow       |       |    17 ||    17
       Lee's Rapid Decon |       |     3 ||     3
Evoke: Wand              |       |     1 ||     1
  Use: Potion            |     1 |     3 ||     4
       Scroll            |       |     1 ||     1
  Eat: Bread ration      |     1 |     3 ||     4
       Fruit             |     1 |       ||     1
Armor: Robe              |    23 |    41 ||    64
Dodge: Dodged            |    53 |    76 ||   129
